 Dungeon Crawl Stone Soup version 0.30-a0-620-g0e44632947 (webtiles) character file.

Game seed: 10590604787171182717

8717 Malachi the Covert (level 11, -3/82 HPs)
             Began as a Felid Monk on Jan 10, 2023.
             Was an Elder of Trog.
             Slain by a komodo dragon (7 damage)
             ... while petrified by a catoblepas
             ... on level 2 of the Lair of Beasts.
             The game lasted 00:18:22 (12684 turns).

Malachi the Covert (Felid Monk)                    Turns: 12684, Time: 00:18:23

Health: -3/82      AC:  2    Str:  7    XL:     11   Next: 13%
Magic:  12/12      EV:  4    Int: 12    God:    Trog [****..]
Gold:   526        SH:  0    Dex: 23    Spells: 10/10 levels left
                                        Lives:  0   Deaths: 3

rFire   . . .      SeeInvis +      - Unarmed
rCold   x . .      Faith    .    (shield unavailable)
rNeg    + + +      Spirit   .    (body armour unavailable)
rPois   ∞          Reflect  .    (helmet unavailable)
rElec   .          Harm     .    (cloak unavailable)
rCorr   .          Rampage  .    (gloves unavailable)
Will    +....                    (boots unavailable) Stlth
                                 c - amulet of regeneration
HPRegen 1.93/turn                (no ring)
MPRegen 0.13/turn                (no ring)

@: berserking (expiring), petrified, studying Necromancy, quick
A: very small, claws 1, fangs 3, see invisible, speed 1, shaggy fur 2, stealthy
paws, no weapons or thrown items, no armour, multi-lived, regeneration 1, cold
vulnerability 1
a: Renounce Religion, Berserk, Trog's Hand, Brothers in Arms


You were on level 2 of the Lair of Beasts.
You worshipped Trog.
Trog was greatly pleased with you.
You visited 3 branches of the dungeon, and saw 12 of its levels.

You collected 601 gold pieces.
You spent 75 gold pieces at shops.

Inventory:

Jewellery
 c - an amulet of regeneration (around neck)
 h - an amulet of reflection
 q - an amulet of the acrobat
 x - a ring of flight
 y - a +5 ring of evasion
 z - a ring of fire
Wands
 l - a wand of mindburst (5)
 n - a wand of digging (2)
 o - a wand of roots (8)
 p - a wand of polymorph (16)
Scrolls
 b - 2 scrolls of teleportation
 i - 2 scrolls of fog
 j - 3 scrolls of magic mapping
Potions
 d - 2 potions of brilliance
 e - 4 potions of curing
 f - 3 potions of flight
 g - 2 potions of attraction
 k - a potion of berserk rage
 r - a potion of cancellation
 v - 2 potions of lignification
Miscellaneous
 w - a lightning rod (3/4)


   Skills:
 + Level 10.4 Fighting
 + Level 13.3 Dodging
 + Level 14.0 Stealth
 + Level 10.4 Unarmed Combat


You had 10 spell levels left.
You didn't know any spells.
Your spell library contained the following spells:

 Spells                   Type           Power      Damage    Failure   Level
 Apportation              Tloc           0%         N/A       32%         1
 Foxfire                  Conj/Fire      0%         2x1d4     32%         1
 Kiss of Death            Conj/Necr      0%         2d5       32%         1
 Magic Dart               Conj           0%         1d3       32%         1
 Ensorcelled Hibernation  Hex/Ice        0%         N/A       45%         2
 Passwall                 Tmut/Erth      0%         N/A       45%         2
 Searing Ray              Conj           0%         2d4       45%         2
 Confusing Touch          Hex            0%         N/A       69%         3
 Gell's Gravitas          Tloc           0%         N/A       69%         3
 Lesser Beckoning         Tloc           0%         N/A       69%         3
 Stone Arrow              Conj/Erth      0%         3d7       69%         3
 Swiftness                Air            0%         N/A       69%         3
 Teleport Other           Tloc           0%         N/A       69%         3
 Anguish                  Hex/Necr       0%         N/A       97%         4
 Dispel Undead            Necr           0%         3d6       97%         4
 Fulminant Prism          Conj/Hex       0%         3d5       97%         4
 Iskenderun's Mystic Bla  Conj/Tloc      0%         2d3       97%         4
 Lee's Rapid Deconstruct  Erth           0%         3d4*      100%        5
 Dispersal                Tloc           0%         N/A       100%        6
 Enfeeble                 Hex            0%         N/A       100%        7
 Lehudib's Crystal Spear  Conj/Erth      0%         10d2      100%        8
 Portal Projectile        Hex/Tloc       Unusable   N/A       N/A         3

Dungeon Overview and Level Annotations

Branches:
Dungeon (9/15)             Temple (1/1) D:6            Lair (2/5) D:9
  Swamp: Lair:2-3    Shoals: Lair:2-3     Snake: Lair:2-3    Spider: Lair:2-3
    Orc: D:9-12

Altars:
Ashenzari
Cheibriados
Dithmenos
Elyvilon
Fedhas
Gozag
Hepliaklqana
Kikubaaqudgha
Makhleb
Nemelex Xobeh
Okawaru
Qazlal
Ru
Sif Muna
Trog
Uskayaw
Vehumet
Wu Jian
Xom
Yredelemnul
Zin
The Shining One

Shops:
D:4 *   D:5 *

Annotations:
D:3 exclusion: orc priest


Innate Abilities, Weirdness & Mutations

You have sharp claws.
You have razor-sharp teeth.
You have supernaturally acute eyesight. (SInv)
You cover ground quickly. (Speed+)
You are covered in thick fur. (AC +2)
Your paws help you pounce on unaware monsters.
You are incapable of wielding weapons or throwing items.
You cannot wear armour.
You gain extra lives every three experience levels.
Your natural rate of healing is unusually fast.
You are vulnerable to cold. (rC-)


Message History

The komodo dragon bites you!!
* * * LOW HITPOINT WARNING * * *
An elephant comes into view.
The komodo dragon barely misses you.
You miss the water moccasin.
The water moccasin is heavily wounded.
You are engulfed in calcifying dust.
The water moccasin bites you but does no damage.
The komodo dragon is engulfed in calcifying dust.
The komodo dragon bites you!!
* * * LOW HITPOINT WARNING * * *
The komodo dragon closely misses you. The water moccasin closely misses you.
You mangle the water moccasin!!
You kill the water moccasin!
Trog accepts your kill.
You can now call in reinforcements.
You are engulfed in calcifying dust.
The komodo dragon is engulfed in calcifying dust.
The yak is engulfed in calcifying dust.
The yak stops moving altogether!
The komodo dragon is engulfed in calcifying dust.
Your limbs are stiffening.
Unknown command.
You are too berserk!
Unknown command.
A yak comes into view.
The komodo dragon misses you.
The komodo dragon is engulfed in calcifying dust.
The yak is engulfed in calcifying dust.
A yak comes into view.
You feel a strong urge to attack something.
The sentinel's mark upon you fades away.
The swamp worm bites you!
* * * LOW HITPOINT WARNING * * *
The catoblepas gores you.
* * * LOW HITPOINT WARNING * * *
You have turned to stone.
The yak is engulfed in calcifying dust.
The swamp worm bites you!
* * * LOW HITPOINT WARNING * * *
A komodo dragon comes into view.
The komodo dragon bites you!
You die...

................
##...l..........
#..............#(#
#.....Y..........#
#...............##
#....lYY........#
#..†§.?.......#.
##..§lwl........
##.Y.@........#
###YY.<.......
#§......P#..
#.Y..###### ##..##
...P# #P..## #...#
#..#


You could see a catoblepas, 3 elephants, 4 komodo dragons, 3 yaks and a swamp
worm.

Vanquished Creatures
  2 two-headed ogres
  A deep elf pyromancer (D:8)
  3 orc sorcerers (D:8)
  A black mamba (Lair:1)
  A gargoyle (D:6)
  A komodo dragon (Lair:1)
  An efreet (D:8)
  A yaktaur (shapeshifter) (D:8)
  A polar bear (Lair:1)
  2 trolls
  A slime creature (D:8)
  9 blink frogs (Lair:1)
  2 shadows
  9 yaks
  2 wyverns (Lair:1)
  Grum (D:8)
  2 basilisks
  A steam dragon (D:9)
  6 water moccasins
  An acid dragon (D:8)
  A sky beast (D:7)
  4 black bears
  An ice beast (D:8)
  5 orc warriors
  9 wolves
  An ogre (D:5)
  4 centaurs
  2 phantoms (D:6)
  3 kobold brigands
  8 bullfrogs
  3 gnoll sergeants
  2 scorpions (D:6)
  18 killer bees
  2 electric eels (D:9)
  3 howler monkeys
  6 hounds
  3 jellies
  4 orc priests
  2 iguanas
  2 gnoll boudas (D:7)
  Natasha (thrice) (D:2)
  6 orc wizards
  6 adders
  24 gnolls
  A shadow imp (D:8)
  2 white imps
  An ufetubus (D:4)
  3 dart slugs
  27 orcs
  13 ball pythons
  4 bats
  10 endoplasms
  4 giant cockroaches
  7 goblins
  6 hobgoblins
  5 quokkas
  3 frilled lizards
  19 kobolds
  5 rats
280 creatures vanquished.

Vanquished Creatures (others)
  A fungus (Lair:1)
  3 plants (Lair:1)
4 creatures vanquished.

Grand Total: 284 creatures vanquished

Notes
Turn   | Place    | Note
-------+----------+-------------------------------------------
     0 | D:1      | Malachi the Felid Monk began the quest for the Orb.
     0 | D:1      | Reached XP level 1. HP: 10/10 MP: 2/2
   298 | D:1      | Reached skill level 3 in Stealth
   301 | D:1      | Reached XP level 2. HP: 13/14 MP: 3/3
   631 | D:1      | Reached XP level 3. HP: 11/17 MP: 4/4
   638 | D:1      | You fall into a shaft and drop 1 floor!
   785 | D:2      | Noticed Natasha
  1264 | D:2      | Killed Natasha
  1265 | D:2      | Reached XP level 4. HP: 15/21 MP: 5/5
  1274 | D:2      | Noticed Natasha
  1280 | D:2      | HP: 1/21 [Natasha/magic dart (10)]
  1288 | D:2      | Killed Natasha
  1289 | D:2      | Reached skill level 4 in Stealth
  1310 | D:2      | Noticed Natasha
  1319 | D:2      | Killed Natasha
  1320 | D:2      | Reached skill level 5 in Dodging
  1528 | D:2      | Found a shimmering altar of Xom.
  1840 | D:3      | Reached XP level 5. HP: 25/25 MP: 6/6
  2217 | D:3      | Got the Codex of the Pyromaniac and Points
  2707 | D:4      | Found a stormy altar of Qazlal.
  3084 | D:4      | Found Puuzia's Assorted Antiques.
  3404 | D:4      | Noticed a black bear
  3745 | D:4      | Reached skill level 5 in Stealth
  3745 | D:4      | Gained mutation: You are covered in thick fur. (AC +2)
                  | [Felid growth]
  3745 | D:4      | Reached XP level 6. HP: 26/28 MP: 7/7
  3790 | D:5      | Entered Level 5 of the Dungeon
  3806 | D:5      | Found Bahaubre's General Store.
  3815 | D:5      | Bought a potion of heal wounds for 75 gold pieces
  4790 | D:6      | Found a staircase to the Ecumenical Temple.
  4792 | D:6      | Reached XP level 7. HP: 33/33 MP: 8/8
  4803 | Temple   | Entered the Ecumenical Temple
  5238 | Temple   | Became a worshipper of Trog the Wrathful
  5238 | Temple   | Reached * piety under Trog
  5238 | Temple   | Reached ** piety under Trog
  5328 | D:6      | Reached skill level 6 in Stealth
  5332 | D:6      | Reached skill level 5 in Fighting
  5337 | D:6      | Reached skill level 5 in Unarmed Combat
  5395 | D:6      | Noticed a gargoyle
  5413 | D:6      | Killed a gargoyle
  5414 | D:6      | Reached skill level 7 in Stealth
  5414 | D:6      | Reached XP level 8. HP: 28/37 MP: 9/9
  6842 | D:7      | Reached skill level 8 in Stealth
  6972 | D:7      | Reached XP level 9. HP: 39/42 MP: 10/10
  7137 | D:7      | Reached skill level 9 in Stealth
  7141 | D:7      | Reached *** piety under Trog
  8244 | D:8      | Noticed an orc sorcerer
  8246 | D:8      | Paralysed by an orc sorcerer for 4 turns
  8253 | D:8      | Noticed a red devil
  8257 | D:8      | HP: 2/43 [orc priest/divine providence (10)]
  8257 | D:8      | Demolished by a red devil
  8258 | D:8      | Reached XP level 8. HP: -15/40 MP: 9/9
  8302 | D:8      | Killed an orc sorcerer
  8303 | D:8      | Reached skill level 10 in Dodging
  8303 | D:8      | Reached skill level 10 in Stealth
  8303 | D:8      | Reached XP level 9. HP: 43/43 MP: 10/10
  8480 | D:8      | Mangled by an orc warrior
  8481 | D:8      | Reached XP level 8. HP: -10/40 MP: 9/9
  8696 | D:8      | Noticed Grum
  8720 | D:8      | Killed Grum
  8813 | D:8      | Noticed an orc sorcerer
  8837 | D:8      | Killed an orc sorcerer
  8838 | D:8      | Reached XP level 9. HP: 44/44 MP: 10/10
  9000 | D:8      | Noticed a two-headed ogre
  9035 | D:8      | Killed a two-headed ogre
  9036 | D:8      | Reached skill level 11 in Stealth
  9363 | D:8      | Noticed a yaktaur
  9368 | D:8      | Noticed a troll
  9373 | D:8      | Killed a yaktaur
  9379 | D:8      | Killed a troll
  9457 | D:8      | Noticed an orc sorcerer
  9472 | D:8      | Noticed a rust devil
  9477 | D:8      | Killed an orc sorcerer
  9478 | D:8      | Reached XP level 10. HP: 31/49 MP: 11/11
  9558 | D:8      | Reached skill level 12 in Stealth
  9623 | D:8      | Noticed a deep elf pyromancer
  9631 | D:8      | Killed a deep elf pyromancer
  9961 | D:8      | Identified the +2 robe of the World {Rampage}
 10019 | D:8      | Got the Volume of the Dislocated Plateau
 10309 | D:9      | Noticed a two-headed ogre
 10316 | D:9      | Killed a two-headed ogre
 10682 | D:9      | Reached XP level 11. HP: 7/53 MP: 12/12
 10683 | D:9      | Killed from afar by an electric eel
 10684 | D:9      | Reached XP level 10. HP: -2/73 MP: 11/11
 10714 | D:9      | Found a staircase to the Lair.
 10734 | D:9      | Reached skill level 13 in Stealth
 10822 | D:9      | Found a glowing silver altar of Zin.
 10822 | D:9      | Found a blossoming altar of Fedhas.
 11395 | Lair:1   | Entered Level 1 of the Lair of Beasts
 11405 | Lair:1   | Gained mutation: You are vulnerable to cold. (rC-) [potion
                  | of mutation]
 11405 | Lair:1   | Gained mutation: Your natural rate of healing is unusually
                  | fast. [potion of mutation]
 11608 | Lair:1   | Reached **** piety under Trog
 11795 | Lair:1   | Reached skill level 10 in Unarmed Combat
 11799 | Lair:1   | Reached skill level 10 in Fighting
 11848 | Lair:1   | Noticed a black mamba
 11853 | Lair:1   | Killed a black mamba
 11984 | Lair:1   | Reached XP level 11. HP: 54/54 MP: 12/12
 12356 | Lair:1   | HP: 1/54 [poisoned by a cane toad]
 12526 | Lair:1   | Reached skill level 14 in Stealth
 12673 | Lair:2   | Noticed a catoblepas
 12684 | Lair:2   | HP: 4/82 [swamp worm (6)]
 12684 | Lair:2   | Slain by a komodo dragon

Illustrated notes

Levels and vault maps discovered:
D:1:      doesnt_arrival_eight_statues, layout_loops_cross, dk_noncrumbling_2
D:2:      layout_loops_ring, basic_altar, minmay_tripent, uniq_natasha
D:3:      layout_loops_ring, st_stairs_7, fountainhead
D:4:      layout_loops_cross, grunt_qazlal_clouds, serial_shops,
          nicolae_shop_hallway_stairs
D:5:      layout_rooms, serial_shops, shop, serial_bayou_pond_e
D:6:      layout_basic, minmay_temple_entry_water_ring,
          kennysheep_big_empty_room
D:7:      layout_rooms, interstate_on_off, serial_bayou_pond_d
D:8:      layout_rooms, minmay_the_grid_2x2 [minmay_the_grid_tri_star,
          minmay_the_grid_medium_cups, minmay_the_grid_minigrid_small,
          minmay_the_grid_prize_shrinking_boxes], uniq_grum
D:9:      layout_small_grid, gammafunk_temple_overflow_elements,
          erik_lair_island
Temple:   compressed_dpeg_triangle_lava_temple
Lair:1:   layout_cave_pods, st_stairs_5, minivault_11
Lair:2:   statuecave_lemuel, layout_cave_pods, minmay_swamp_entry_worms,
          gammafunk_ghost_arena, basic_altar, chequers_serial_rivers_room_b

Skill      XL: |  1  2  3  4  5  6  7  8  9 10 11 |
---------------+----------------------------------+-----
Stealth        | 3 4 5 7 10 11 13 14 | 14.0
Dodging        | 5 6 7 10 11 13 | 13.3
Fighting       | 4 5 8 7 10 | 10.4
Unarmed Combat | 4 5 8 7 10 | 10.4

Action                   |  1- 3 |  4- 6 |  7- 9 | 10-12 || total
-------------------------+-------+-------+-------+-------++-------
Melee: Unarmed           |    93 |   167 |   372 |   337 ||   969
       Punch             |     3 |     4 |    24 |    24 ||    55
       Bite              |     7 |    19 |    41 |    49 ||   116
Invok: Berserk           |       |       |    21 |    18 ||    39
       Trog's Hand       |       |       |     2 |       ||     2
       Brothers in Arms  |       |       |       |     1 ||     1
Evoke: Wand              |       |       |       |     4 ||     4
       Lightning rod     |       |       |       |     4 ||     4
  Use: Scroll            |     4 |     9 |     2 |     9 ||    24
       Potion            |       |     5 |     1 |     5 ||    11
 Stab: Sleeping          |     4 |     9 |     7 |     4 ||    24
       Distracted        |       |     2 |     3 |     3 ||     8
Armor: Skin              |     4 |     7 |    11 |    12 ||    34
Dodge: Dodged            |    69 |   126 |   366 |   434 ||   995

Table legend: (Time is in decaauts)
 A = Elapsed time spent in this place.
 B = Non-inter-level travel time spent in this place.
 C = Inter-level travel time spent in this place.
 D = Time resting spent in this place.
 E = Time spent auto-exploring this place.
 F = Levels seen in this place.
 G = Mean time per level.
                   A        B        C        D        E       F      G
               +--------+--------+--------+--------+--------+-----+--------+
         Total |  11446 |  10930 |    516 |   4412 |   4141 |  12 |  953.8 |
       Dungeon |   9976 |   9504 |    472 |   4078 |   3316 |   9 | 1108.4 |
        Temple |    361 |    333 |     28 |      0 |    320 |   1 |  361.0 |
          Lair |   1108 |   1093 |     15 |    333 |    505 |   2 |  554.0 |
               +--------+--------+--------+--------+--------+-----+--------+

Top non-repeatable levels by time:
     D:8: 1758 daAuts
     D:4: 1605 daAuts
     D:7: 1482 daAuts
     D:9: 1146 daAuts
  Lair:1: 1083 daAuts
     D:5: 858 daAuts
     D:3: 853 daAuts
     D:2: 834 daAuts
     D:1: 752 daAuts
     D:6: 685 daAuts
  Temple: 361 daAuts
  Lair:2: 25 daAuts
